[Event "ESP-ch Teams Honor 2024"]
[Site "Melilla"]
[Date "2024.10.16"]
[Round "5.20"]
[White "Vallejo Pons, Francisco"]
[Black "Deac, Bogdan-Daniel"]
[Result "1/2-1/2"]
[ECO "C47"]
[WhiteElo "2653"]
[BlackElo "2691"]
[Annotator "TA"]
[PlyCount "82"]
[EventDate "2024.10.11"]
[EventType "team-tourn"]
[EventCountry "ESP"]
[SourceTitle "playchess.com"]
[Source "ChessBase"]
[SourceQuality "1"]
[WhiteTeam "Casablanca"]
[BlackTeam "Costa Calida"]
[TimeControl "5400+30"]

1. e4 e5 2. Nf3 Nc6 3. Nc3 Nf6 4. a3 d5 5. Bb5 Nxe4 6. Qe2 {[%emt 0:00:34] C47: Scotch Four Knights and Four Knights with 4 g3.} Qd6 7. Nxe4 dxe4 8. Qxe4 Bd7 $1 9. d4 O-O-O 10. dxe5 (10. Nxe5 $2 {loses.} Nxe5 11. Bxd7+ (11. dxe5 $2 {gets mated.} Qd1+ 12. Kxd1 Bg4+ 13. Ke1 Rd1#) 11... Nxd7 $19) 10... Nxe5 11. Bxd7+ Qxd7 12. Be3 Ng4 13. O-O Re8 $146 ({Predecessor:} 13... Nxe3 14. Qxe3 Kb8 15. Rfe1 Bd6 16. c4 Rhe8 17. Qc3 Bf8 18. h3 f6 19. c5 g6 {1-0 Nezad,H (2328)-Setyaki,A (2398) Asian Games Hangzhou rapid 2023 (4)}) 14. Qd4 Qxd4 15. Bxd4 f6 16. Rfe1 (16. Bxa7 $2 b6 17. b4 Ne5 $19) 16... Bd6 17. h3 Nh6 18. Kf1 (18. Bxa7 $2 b6 19. Red1 Nf7 $17 (19... Kb7 $2 20. Bxb6 Kxb6 21. c4 $19)) 18... Nf5 19. Bc3 (19. Bxa7 $2 {is the wrong capture.} b6 20. g4 Rxe1+ 21. Rxe1 Ne7 $19) 19... h5 20. Nd4 Nxd4 21. Bxd4 b6 22. Rxe8+ Rxe8 23. Re1 Rxe1+ 24. Kxe1 Kd7 25. Ke2 Ke6 26. Be3 a6 27. a4 b5 28. axb5 axb5 29. g4 hxg4 30. hxg4 c5 31. b3 Kd5 32. Kd3 c4+ 33. bxc4+ bxc4+ 34. Ke2 g6 35. f3 Be5 36. Bb6 $1 Bf4 37. Bd8 f5 38. gxf5 gxf5 39. Bb6 Bg5 40. Bf2 Bf4 41. Bg1 Bg5 1/2-1/2

[Event "ESP-ch Teams Honor 2024"]
[Site "Melilla"]
[Date "2024.10.16"]
[Round "5.21"]
[White "Ibarra Jerez, Jose Carlos"]
[Black "Salgado Lopez, Ivan"]
[Result "1/2-1/2"]
[ECO "C65"]
[WhiteElo "2559"]
[BlackElo "2609"]
[Annotator "RC"]
[PlyCount "35"]
[EventDate "2024.10.11"]
[EventType "team-tourn"]
[EventCountry "ESP"]
[SourceTitle "playchess.com"]
[Source "ChessBase"]
[SourceQuality "1"]
[WhiteTeam "Costa Calida"]
[BlackTeam "Casablanca"]
[TimeControl "5400+30"]

1. e4 e5 2. Nf3 Nc6 3. Bb5 Nf6 4. d3 Bc5 5. Nbd2 O-O 6. Bxc6 bxc6 7. Nxe5 Re8 8. Nef3 d5 9. O-O Bg4 10. h3 Bh5 11. e5 Rxe5 12. g4 Nxg4 13. Nxe5 Qh4 14. hxg4 Qg3+ 15. Kh1 Qh3+ 16. Kg1 Qg3+ 17. Kh1 Qh3+ 18. Kg1 1/2-1/2

[Event "ESP-ch Teams Honor 2024"]
[Site "Melilla"]
[Date "2024.10.16"]
[Round "5.22"]
[White "Illescas Cordoba, Miguel"]
[Black "Muzychuk, Anna"]
[Result "1/2-1/2"]
[ECO "D47"]
[WhiteElo "2600"]
[BlackElo "2524"]
[Annotator "RC"]
[PlyCount "58"]
[EventDate "2024.10.11"]
[EventType "team-tourn"]
[EventCountry "ESP"]
[SourceTitle "playchess.com"]
[Source "ChessBase"]
[SourceQuality "1"]
[WhiteTeam "Casablanca"]
[BlackTeam "Costa Calida"]
[TimeControl "5400+30"]

1. c4 e6 2. Nf3 d5 3. d4 Nf6 4. Nc3 c6 5. e3 Nbd7 6. Bd3 dxc4 7. Bxc4 b5 8. Bd3 b4 9. Ne4 Nxe4 10. Bxe4 Bb7 11. O-O Be7 12. a3 a5 13. Qc2 Qb6 14. axb4 axb4 15. Rxa8+ Bxa8 16. Nd2 Nf6 17. Bf3 O-O 18. Nb3 Nd7 19. e4 Bb7 20. Be3 Rc8 21. Rc1 Ba6 22. Be2 h6 23. h3 Bf8 24. Bxa6 Qxa6 25. Ra1 Qb7 26. Rc1 Qa8 27. Ra1 Qb7 28. Qc4 Nb6 29. Qc2 Nd7 1/2-1/2

[Event "ESP-ch Teams Honor 2024"]
[Site "Melilla"]
[Date "2024.10.16"]
[Round "5.23"]
[White "Cuenca Jimenez, Jose Fernando"]
[Black "Gines Esteo, Pedro Antonio"]
[Result "1/2-1/2"]
[ECO "D41"]
[WhiteElo "2480"]
[BlackElo "2477"]
[Annotator "RC"]
[PlyCount "61"]
[EventDate "2024.10.11"]
[EventType "team-tourn"]
[EventCountry "ESP"]
[SourceTitle "playchess.com"]
[Source "ChessBase"]
[SourceQuality "1"]
[WhiteTeam "Costa Calida"]
[BlackTeam "Casablanca"]
[TimeControl "5400+30"]

1. d4 Nf6 2. c4 e6 3. Nf3 d5 4. Nc3 c5 5. cxd5 Nxd5 6. e4 Nxc3 7. bxc3 cxd4 8. cxd4 Bb4+ 9. Bd2 Bxd2+ 10. Qxd2 O-O 11. Bc4 Nd7 12. O-O b6 13. Rad1 Bb7 14. Rfe1 Rc8 15. Bb3 Re8 16. h3 h6 17. Re3 Nf6 18. Qe2 Qc7 19. Ne5 b5 20. Ng4 Nxg4 21. hxg4 Qf4 22. Qxb5 Bxe4 23. d5 exd5 24. Bxd5 Re5 25. Qb7 Rce8 26. Rxe4 Rxe4 27. Bxe4 Qxe4 28. Qxe4 Rxe4 29. Rd8+ Kh7 30. Rd7 Rxg4 31. Rxa7 1/2-1/2